 Dungeon Crawl Stone Soup version 0.17.2 (webtiles) character file.

612 RageMage the Skirmisher (level 7, -4/55 HPs)
             Began as a Demonspawn Chaos Knight on June 26, 2016.
             Shot with an arrow by a centaur (8 damage)
             ... on level 8 of the Dungeon.
             The game lasted 00:29:09 (4228 turns).

RageMage the Skirmisher (Demonspawn Chaos Knight)   Turns: 4228, Time: 00:29:09

Health: -4/55      AC:  6    Str: 12      XL:     7   Next: 20%
Magic:  0/7        EV: 16    Int: 13      God:    Xom [*.....]
Gold:   150        SH:  0    Dex: 16 (17) Spells: 0 memorised, 6 levels left

rFire  . . .     SeeInvis .     s - +0 war axe
rCold  + . .     Clarity  .     u - +0 ring mail
rNeg   . . .     SustAt   .     (no shield)
rPois  +         Gourm    .     (no helmet)
rElec  .         Spirit   +     E - +2 cloak {MR+}
rCorr  .         Warding  .     (no gloves)
rMut   .         Stasis   .     (no boots)
MR     +....                    C - amulet of rage
Stlth  ++........               D - ring of poison resistance
                                i - +4 ring of evasion

@: short of breath, drained, somewhat resistant to hostile enchantments,
unstealthy
A: claws 2, talons 2, thin skeletal structure 2, breathe flames 1, clumsy 1,
cold resistance 1, deformed body, demonic guardian 1, mutation resistance 1,
screaming 1, magic shield
a: Renounce Religion, Breathe Fire, Evoke Berserk Rage


You were on level 8 of the Dungeon.
You worshipped Xom.
You were a special plaything of Xom.
You were not hungry.

You visited 1 branch of the dungeon, and saw 6 of its levels.

You collected 249 gold pieces.
You spent 99 gold pieces at shops.

Inventory:

Hand Weapons
 a - a +0 hand axe of chaos
 s - a +0 war axe (weapon)
Armour
 b - a +2 leather armour
 m - a +0 helmet
 t - a +2 chain mail of fire resistance
 u - a +0 ring mail (worn)
 E - a +2 cloak of magic resistance (worn)
Jewellery
 i - a +4 ring of evasion (left claw)
 C - an amulet of rage (around neck)
 D - a ring of poison resistance (right claw)
 F - a cursed -2 ring of slaying {unknown}
 G - an uncursed ring of protection from fire {unknown}
Wands
 w - a wand of random effects (27)
 y - a wand of digging (9)
Scrolls
 c - a scroll of noise
 e - 3 scrolls of teleportation
 h - 2 scrolls of fog
 k - a scroll of enchant weapon {unknown}
 l - a scroll of fear {unknown}
 n - a scroll of recharging
 o - 4 scrolls of identify {unknown}
Potions
 g - 4 potions of curing {unknown}
 j - 2 potions of brilliance {unknown}
 p - a potion of lignification {unknown}
 r - a potion of might {unknown}
 v - a potion of ambrosia {unknown}
 x - a potion of resistance
 z - 2 potions of berserk rage {unknown}
Comestibles
 d - 2 beef jerkies
 q - a royal jelly
 B - a bread ration


   Skills:
 + Level 4.7(4.6) Fighting
 + Level 4.2 Axes
 + Level 3.6(3.5) Armour
 + Level 3.6 Dodging
 + Level 1.6(1.5) Stealth


You had 6 spell levels left.
You didn't know any spells.

Dungeon Overview and Level Annotations

Branches:
Dungeon (8/15)               Lair (0/8) D:8
 Temple: D:4-7

Altars:
Elyvilon
Fedhas
Nemelex Xobeh
Xom
The Shining One

Shops:
D:4 [


Innate Abilities, Weirdness & Mutations

You have very sharp fingernails.
You have a moderately thin skeletal structure (Dex +4, Stealth+).
A weak demonic guardian rushes to your aid.
When hurt, damage is shared between your health and your magic reserves.
You have razor-sharp toenails.
You can breathe flames.
You are clumsy. (Dex -2)
Your flesh is cold resistant.
Armour fits poorly on your strangely shaped body.
You are somewhat resistant to further mutation.
You occasionally shout uncontrollably at your foes.


Message History

The centaur's shortbow is briefly surrounded by a scintillating aura of random colours.
The centaur shoots an arrow.
The arrow hits you!
Your crimson imp disappears in a puff of smoke!
The centaur shoots an arrow.
The arrow hits you.
* * * LOW HITPOINT WARNING * * *
You blink.
You aren't carrying or standing over any spellbooks.
You don't know any spells.
Quiver which item? (- for none, * to show all) (? for menu, Esc to quit)
Okay, then.
Wear which item? (? for menu, Esc to quit)
Okay, then.
Press: ? - help, Shift-Dir - straight line, f - centaur
Aim: a centaur, wielding a shortbow of chaos You breathe a blast of fire.
The fiery breath hits the centaur.
The centaur is severely wounded.
The centaur shoots an arrow.
The arrow hits you!
* * * LOW HITPOINT WARNING * * *
You are electrocuted!
You die... .
P #############.....
P. #..)).......<..... .PP

#.###.###.[........PPP.P.PP
#.#....(..#....#...P...PP.>
#.#....§..#....#.P.PPPP.PPP
#.#....#(.#..#[#....P.PP.PP
#.#...)5..#....##.P.PP.PP.P
#.###÷.)c.@....##..P..P.PP.
#.#######.#.#####.#....P.PP
#....#...$.(...##.###....P.
####.#....#.........#..).P.
#.#.#..#..#......#z#....
####...#........z55.....
#####..............#.
#.........?.....##.
.....................


You could see a centaur and a friendly ufetubus.

Vanquished Creatures
  A crocodile (D:8)
  A jelly (D:8)
  A centaur zombie (D:8)
  4 wights (D:8)
  2 orc wizards (D:4)
  A worker ant (shapeshifter) (D:1)
  4 adders
  4 worms
  3 giant geckos
  An orc (shapeshifter) (D:2)
  12 orcs
  A ball python (D:1)
  15 bats
  6 giant cockroaches
  7 goblins
  4 hobgoblins
  5 kobolds
  3 quokkas
  A giant gecko skeleton (D:4)
  3 giant newts
  3 jackals (D:2)
  7 rats
  A fungus (D:8)
90 creatures vanquished.

Vanquished Creatures (collateral kills)
  An ice beast (D:4)
  A wight (D:8)
  2 crimson imps
  2 hounds (D:8)
  A worker ant (D:4)
  4 orcs (D:4)
  A bat (D:8)
  A rat (D:8)
13 creatures vanquished.

Grand Total: 103 creatures vanquished

Notes
Turn   | Place    | Note
--------------------------------------------------------------
     0 | D:1      | RageMage the Demonspawn Chaos Knight began the quest for the Orb.
     0 | D:1      | Reached XP level 1. HP: 18/18 MP: 1/1
   118 | D:1      | XOM: potion effect (berserk rage)
   118 | D:1      | Noticed a worker ant
   118 | D:1      | a gnoll changed into a worker ant
   123 | D:1      | Killed a worker ant
   123 | D:1      | Reached skill level 1 in Dodging
   123 | D:1      | Gained mutation: You have a somewhat thin skeletal structure (Dex +2, Stealth). [demonic ancestry]
   123 | D:1      | Reached XP level 2. HP: 24/24 MP: 2/2
   123 | D:1      | Gained mutation: A weak demonic guardian rushes to your aid. [demonic ancestry]
   123 | D:1      | Reached XP level 3. HP: 29/29 MP: 3/3
   349 | D:1      | XOM: harmless Divn miscast
   875 | D:2      | XOM: mild Ice miscast
  1034 | D:2      | Found a white marble altar of Elyvilon.
  1034 | D:2      | XOM: 9-stop teleportation journey
  1129 | D:2      | XOM: harmless Erth miscast
  1158 | D:2      | Found a sparkling altar of Nemelex Xobeh.
  1177 | D:2      | Gained mutation: When hurt, damage is shared between your health and your magic reserves. [demonic ancestry]
  1177 | D:2      | Reached XP level 4. HP: 35/37 MP: 4/4
  1255 | D:2      | Reached skill level 4 in Fighting
  1265 | D:2      | Found a blossoming altar of Fedhas.
  1503 | D:2      | XOM: scenery: create altars
  1752 | D:3      | XOM: noise
  1844 | D:3      | XOM: confuse monster(s)
  1890 | D:3      | XOM: god gift: 10 poisoned arrows
  1893 | D:3      | Found a glowing golden altar of the Shining One.
  1934 | D:3      | XOM: god gift: ring mail {god gift}
  2002 | D:3      | XOM: colour smoke trail
  2016 | D:3      | Gained mutation: You have sharp fingernails. [demonic ancestry]
  2016 | D:3      | Reached XP level 5. HP: 40/42 MP: 5/5
  2572 | D:4      | XOM: summons friendly white imp
  2652 | D:4      | Noticed an ice beast
  2654 | D:4      | XOM: swap monsters
  2668 | D:4      | XOM: destruction
  2669 | D:4      | Killed an ice beast
  2811 | D:4      | Found Jasomo's Antique Armour Shoppe.
  2859 | D:4      | XOM: god gift: dented golden amulet {god gift}
  2917 | D:4      | Bought a glowing cloak for 99 gold pieces
  2933 | D:4      | XOM: give mutations
  2933 | D:4      | Gained mutation: You have sharp toenails. [Xom's grace]
  2933 | D:4      | Gained mutation: You can breathe flames. [Xom's grace]
  2933 | D:4      | Gained mutation: You have a pair of small antennae on your head. [Xom's grace]
  2967 | D:4      | XOM: summons friendly white imp
  2968 | D:4      | XOM: polymorph quasit -> crimson imp
  2976 | D:4      | Reached skill level 1 in Stealth
  3093 | D:4      | XOM: give mutations
  3093 | D:4      | Lost mutation: You have a pair of small antennae on your head. [Xom's mischief]
  3093 | D:4      | Gained mutation: You are clumsy. (Dex -2) [Xom's mischief]
  3093 | D:4      | Gained mutation: Armour fits poorly on your strangely shaped body. [Xom's mischief]
  3093 | D:4      | Gained mutation: You occasionally shout uncontrollably at your foes. [Xom's mischief]
  3145 | D:4      | XOM: enchant monster (good)
  3419 | D:5      | Entered Level 5 of the Dungeon
  3464 | D:5      | XOM: give mutations
  3464 | D:5      | Gained mutation: You are somewhat resistant to further mutation. [Xom's grace]
  3464 | D:5      | Gained mutation: You have very sharp fingernails. [Xom's grace]
  3464 | D:5      | Gained mutation: Your flesh is cold resistant. [Xom's grace]
  3464 | D:5      | Gained mutation: You have razor-sharp toenails. [Xom's grace]
  3726 | D:5      | Reached XP level 6. HP: 48/48 MP: 6/6
  3758 | D:5      | You fall through a shaft for 3 floors!
  3766 | D:8      | XOM: fog
  3767 | D:8      | XOM: confuse monster(s)
  3796 | D:8      | XOM: enchant monster (bad)
  3803 | D:8      | Found a staircase to the Lair.
  3855 | D:8      | XOM: summons 6 friendly demons
  3880 | D:8      | Gained mutation: You have a moderately thin skeletal structure (Dex +4, Stealth+). [demonic ancestry]
  3880 | D:8      | Reached XP level 7. HP: 14/55 MP: 3/7
  4226 | D:8      | XOM: chaos upgrade
  4228 | D:8      | Shot with an arrow by a centaur

Action                   |  1- 3 |  4- 6 |  7- 9 || total
-------------------------+-------+-------+-------++-------
Melee: Hand axe          |   103 |   102 |       ||   205
       War axe           |       |   110 |     9 ||   119
 Abil: Breathe Fire      |       |       |     1 ||     1
  Use: Scroll            |     4 |     1 |       ||     5
       Potion            |     2 |     4 |       ||     6
 Stab: Petrifying        |     2 |       |       ||     2
       Confused          |     1 |     5 |       ||     6
       Sleeping          |     1 |       |       ||     1
       Distracted        |       |     1 |       ||     1
  Eat: Pizza             |     1 |       |       ||     1
       Bread ration      |       |     1 |       ||     1
       Meat ration       |       |     1 |     1 ||     2
